 Dungeon Crawl Stone Soup version 0.26-a0-252-gb32a1a6195 (webtiles) character file.

Game seed: 16896455311200697575

23 BritishOli the Slasher (level 2, -1/23 HPs)
             Began as a Demonspawn Gladiator on July 9, 2020.
             Slain by a gnoll
             ... wielding a +0 halberd
              (8 damage)
             ... on level 1 of the Dungeon.
             The game lasted 00:00:25 (531 turns).

BritishOli the Slasher (Demonspawn Gladiator)        Turns: 531, Time: 00:00:25

Health: -1/23      AC:  3    Str: 14    XL:     2   Next: 75%
Magic:  2/2        EV: 13    Int:  9    God:
Gold:   65         SH:  0    Dex: 14    Spells: 1/1 levels left

rFire    . . .     SeeInvis .   a - +0 long sword
rCold    . . .     Faith    .   (no shield)
rNeg     . . .     Spirit   .   b - +0 leather armour
rPois    .         Reflect  .   (helmet restricted)
rElec    .         Harm     .   (no cloak)
rCorr    .                      (no gloves)
MR       .....                  (no boots)
Stlth    +.........             (no amulet)
HPRegen  0.07/turn              (no ring)
MPRegen  0.08/turn              (no ring)

@: no status effects
A: antennae 1
a: no special abilities


You were on level 1 of the Dungeon.
You were not hungry.

You visited 1 branch of the dungeon, and saw 1 of its levels.

You collected 65 gold pieces.

Inventory:

Hand Weapons
 a - a +0 long sword (weapon)
Missiles
 d - 3 throwing nets (quivered)
Armour
 b - a +0 leather armour (worn)
 c - a +0 helmet
Scrolls
 e - 3 scrolls of remove curse {unknown}
 i - a scroll of enchant weapon {unknown}
Potions
 g - a potion of invisibility {unknown}
 h - a potion of ambrosia {unknown}
Comestibles
 f - 6 rations


   Skills:
 + Level 2.3 Fighting
 + Level 2.9 Long Blades
 - Level 2.0 Throwing
 + Level 0.8 Armour
 + Level 2.9 Dodging


You had one spell level left.
You didn't know any spells.
Your spell library was empty.

Dungeon Overview and Level Annotations

Branches:
Dungeon (1/15)

Altars:


Innate Abilities, Weirdness & Mutations

You have a pair of small antennae on your head.


Message History

You hit the gnoll.
The gnoll is lightly wounded.
The gnoll closely misses you.
You riposte.
You hit the gnoll.
The gnoll is heavily wounded.
The kobold hits you with a +0 dagger.
You hit the gnoll but do no damage.
The gnoll is heavily wounded.
The kobold hits you with a +0 dagger. The gnoll barely misses you.
You hit the gnoll but do no damage.
The gnoll is heavily wounded.
The kobold closely misses you. The gnoll hits you with a +0 halberd.
You hit the gnoll.
The gnoll is severely wounded.
The kobold hits you but does no damage. The gnoll closely misses you.
You riposte.
You completely miss the gnoll.
The gnoll is severely wounded.
You hit the gnoll.
The gnoll is severely wounded.
The kobold hits you but does no damage. The gnoll hits you with a +0 halberd!
You die...

... # #.. #.....# #
#.....# # .. #...$. #
... #....# # ....
#....# # ....###....##
# ........g...# #
.......K@...# #
###........# #
#.....#### # #...(.# {
#
####'#################
#..................
###################


You could see a gnoll and a kobold.

Vanquished Creatures
  2 oozes (D:1)
  2 ball pythons (D:1)
  2 bats (D:1)
  3 hobgoblins (D:1)
  3 frilled lizards (D:1)
  3 kobolds (D:1)
  A rat (D:1)
16 creatures vanquished.

Notes
Turn   | Place    | Note
-------+----------+-------------------------------------------
     0 | D:1      | BritishOli the Demonspawn Gladiator began the quest for the
                  | Orb.
     0 | D:1      | Reached XP level 1. HP: 16/16 MP: 1/1
    64 | D:1      | Gained mutation: You have a pair of small antennae on your
                  | head. [demonic ancestry]
    64 | D:1      | Reached XP level 2. HP: 22/22 MP: 2/2
   531 | D:1      | Slain by a gnoll

Illustrated notes

Levels and vault maps discovered:
D:1:      onia_arrival_handbag, layout_basic

Skill      XL: |  1 |
---------------+----+-----
Throwing       | 2 |  2.0
Fighting       | |  2.3
Long Blades    | |  2.9
Armour         | |  0.8
Dodging        | |  2.9

Action                   || total
-------------------------++-------
Melee: Long sword        ||    36
 Stab: Sleeping          ||     1
Armor: Leather armour    ||     7
Dodge: Dodged            ||    34
       Rpst.: Long sword ||    14

Table legend:
 A = Non-vault XP
 B = Vault XP
 C = Vault XP percentage of total XP
 D = Non-vault monster count
 E = Vault monster count
 F = Vault count percentage of total count
                 A         B        C        D         E       F
            +---------+---------+-------+---------+---------+-------
      Total |      18 |      16 |  47.1 |      13 |       3 |  18.8
            +---------+---------+-------+---------+---------+-------
        D:1 |      18 |      16 |  47.1 |      13 |       3 |  18.8
            +---------+---------+-------+---------+---------+-------
